 Dungeon Crawl Stone Soup version 0.28-a0-932-g843f935a50 (webtiles) character file.

Game seed: 6034353482828000501

84 porpoise the Conjurer (level 4, -5/24 HPs)
             Began as a Deep Elf Conjurer on Nov 28, 2021.
             Slain by Terence (19 damage)
             ... on level 2 of the Dungeon.
             The game lasted 00:07:05 (2065 turns).

porpoise the Conjurer (Deep Elf Conjurer)           Turns: 2065, Time: 00:07:06

Health: -5/24      AC:  5    Str:  4    XL:     4   Next: 24%
Magic:  5/12       EV: 12    Int: 24    God:
Gold:   74         SH:  0    Dex: 13    Spells: 1/12 levels left

rFire   . . .      SeeInvis .   a - +2 short sword (flame)
rCold   . . .      Faith    .   (no shield)
rNeg    . . .      Spirit   .   k - +2 animal skin
rPois   +          Reflect  .   l - +0 helmet
rElec   .          Harm     .   (no cloak)
rCorr   .          Rampage  .   (no gloves)
Will    +....                   (no boots)
Stlth   ++........              (no amulet)
HPRegen 0.08/turn               d - ring of willpower
MPRegen 0.13/turn               e - ring of poison resistance

@: very slightly contaminated
A: no striking features
a: no special abilities


You were on level 2 of the Dungeon.
You visited 1 branch of the dungeon, and saw 2 of its levels.

You collected 74 gold pieces.

Inventory:

Hand Weapons
 a - a +2 short sword of flaming (weapon)
Missiles
 m - 6 boomerangs (quivered)
 p - 51 stones
Armour
 k - a +2 animal skin (worn)
 l - a +0 helmet (worn)
Jewellery
 d - a ring of willpower (left hand)
 e - a ring of poison resistance (right hand)
 f - a ring of protection from cold
Wands
 j - a wand of flame (10)
Scrolls
 c - 2 scrolls of identify
 i - a scroll of acquirement {unknown}
 n - a scroll of teleportation {unknown}
 o - a scroll of magic mapping {unknown}
Potions
 b - a potion of magic
 g - a potion of attraction
 h - 2 potions of mutation {unknown}


   Skills:
 - Level 2.4 Dodging
 + Level 2.5 Stealth
 * Level 4.8 Spellcasting
 - Level 5.3 Conjurations
 * Level 0.7 Hexes


You had one spell level left.
You knew the following spells:

 Your Spells              Type           Power      Damage    Failure   Level
a - Magic Dart            Conj           100%       1d8       1%          1
b - Searing Ray           Conj           62%        2d6       1%          2
c - Fulminant Prism       Conj/Hex       10%        3d9       26%         4
d - Iskenderun's Mystic   Conj/Tloc      18%        2d6       30%         4

Your spell library contained the following spells:

 Spells                   Type           Power      Damage    Failure   Level
 Dazzling Flash           Conj/Hex       40%        N/A       8%          3


Dungeon Overview and Level Annotations

Branches:
Dungeon (2/15)

Altars:

Annotations:
D:2 Jessica, Terence


Message History

Found an escape hatch in the ceiling.
A giant cockroach and Terence come into view.
Terence is wielding a +2 hand axe of electrocution and carrying a wand of flame (16).
Found a rapier.
Casting: Searing Ray (safe; 1% risk of failure)
Confirm with . or Enter, or press ? or * to list all spells.
You don't know that spell.
Casting: Searing Ray (safe; 1% risk of failure)
Confirm with . or Enter, or press ? or * to list all spells.
Aiming: Searing Ray (safe; 1% risk of failure)
Press: ? - help, Shift-Dir - straight line, f - giant cockroach
Aim: a giant cockroach (asleep, 100% to hit)
You miscast Searing Ray.
You are very lightly contaminated with residual magic.
Nothing appears to happen.
Unknown command.
Casting: Searing Ray (safe; 1% risk of failure)
Confirm with . or Enter, or press ? or * to list all spells.
Aiming: Searing Ray (safe; 1% risk of failure)
Press: ? - help, Shift-Dir - straight line, f/p - giant cockroach
Aim: a giant cockroach (79% to hit)
The searing ray hits Terence.
Terence is moderately wounded.
Terence shouts!
The searing ray hits the giant cockroach!
You kill the giant cockroach! (Press . to maintain the ray.) Terence zaps a wand.
The puff of flame hits you.
The searing ray hits Terence.
Terence is heavily wounded.
Terence zaps a wand.
The puff of flame hits you.
The searing ray hits Terence.
Terence is severely wounded.
The searing ray hits Terence but does no damage.
Terence is severely wounded.
You finish channelling your searing ray.
Terence hits you with a +2 hand axe of electrocution.
You are electrocuted!!
Ouch! That really hurt!
You die...

#........#####.# #.#
#####.######.......#
#.# #.....#
######### #.#
#.##### #.# #
#.##############
###..).....(.....#
....############.#
###.## #@# ##...#
#.@)..... .....#
######### ##...#
#####


You could see Terence.

Vanquished Creatures
  Robin (D:2)
  A gnoll (D:1)
  2 dart slugs
  7 ball pythons
  3 bats (D:1)
  8 endoplasms
  2 giant cockroaches
  10 goblins
  4 hobgoblins (D:2)
  A jackal (D:2)
  3 quokkas
  3 frilled lizards
  4 kobolds
  8 rats
57 creatures vanquished.

Notes
Turn   | Place    | Note
-------+----------+-------------------------------------------
     0 | D:1      | porpoise the Deep Elf Conjurer began the quest for the Orb.
     0 | D:1      | Reached XP level 1. HP: 10/10 MP: 6/6
    89 | D:1      | Found a faded altar of an unknown god.
   248 | D:1      | Reached XP level 2. HP: 15/15 MP: 4/8
   368 | D:1      | Learned a level 2 spell: Searing Ray
   679 | D:1      | Reached skill level 5 in Conjurations
   679 | D:1      | Reached XP level 3. HP: 19/19 MP: 1/10
  1158 | D:2      | Noticed Robin
  1191 | D:2      | Killed Robin
  1449 | D:2      | Reached XP level 4. HP: 24/24 MP: 9/12
  1475 | D:2      | Learned a level 4 spell: Fulminant Prism
  1480 | D:2      | Learned a level 4 spell: Iskenderun's Mystic Blast
  1515 | D:2      | Noticed Jessica
  2060 | D:2      | Noticed Terence
  2065 | D:2      | Slain by Terence

Illustrated notes

Levels and vault maps discovered:
D:1:      minmay_arrival_open_corners, layout_basic,
          hellmonk_ecumenical_altar_crossroads
D:2:      layout_loops_ring, minmay_tall_x, uniq_terence, uniq_robin,
          uniq_jessica

Skill      XL: |  1  2 |
---------------+-------+-----
Spellcasting   | 4 |  4.8
Conjurations   | 5 |  5.3
Dodging        | |  2.4
Stealth        | |  2.5
Hexes          | |  0.7

Action                   |  1- 3 |  4- 6 || total
-------------------------+-------+-------++-------
 Cast: Magic Dart        |    53 |    14 ||    67
       Searing Ray       |     7 |     4 ||    11
  Use: Scroll            |     2 |       ||     2
Armor: Animal skin       |       |     1 ||     1

Table legend: (Time is in decaauts)
 A = Elapsed time spent in this place.
 B = Non-inter-level travel time spent in this place.
 C = Inter-level travel time spent in this place.
 D = Time resting spent in this place.
 E = Time spent auto-exploring this place.
 F = Levels seen in this place.
 G = Mean time per level.
                   A        B        C        D        E       F      G
               +--------+--------+--------+--------+--------+-----+--------+
         Total |   2061 |   2034 |     27 |    764 |   1008 |   2 | 1030.5 |
       Dungeon |   2061 |   2034 |     27 |    764 |   1008 |   2 | 1030.5 |
               +--------+--------+--------+--------+--------+-----+--------+

Top non-repeatable levels by time:
     D:1: 1094 daAuts
     D:2: 967 daAuts
